Match 46737406
Unlisted

Match 46737406
End
Kettenkrad Recon Vehicle
Construct Infanterie Kompanie
Grenadier Squad
MG 42 Machine Gun Team
Grenadier Squad
Construct Panzergrenadier Kompanie
251 Medium Carrier
Pak 40 Anti-tank Gun Team
Selects Mechanized Battlegroup
Selects Mechanized Battlegroup
Selects Mobile Repair Stations
Panzergrenadier Squad
Pioneer Squad
Selects Raid Package
Grenadier Squad
Construct Panzer Kompanie
Stoßtruppen Squad
Panzer IV Medium Tank
Selects StuG Assault Group
Medical Station
Panzer IV Medium Tank
Grenadier Squad
Construct Luftwaffe Kompanie
Pak 40 Anti-tank Gun Team
Selects Panther Heavy Tank
Repair Bunker
Support Elements
Wirbelwind Flakpanzer
Selects Wespe Self-propelled Artillery
Victor #52
⁂ | Mad_Korean
StaRadian((
Cpt Darling
波菜
Dream
书院三师姐
CUI
0
0

Comments sign in to comment!

No comments posted yet!